 Dungeon Sprint DCSS version 0.19-b1-5-gdc9fa9d (webtiles) character file.

68 LORDOFBUTT the Covert (level 4, -3/33 HPs)
             Began as a Spriggan Assassin on Oct 31, 2016.
             Slain by a water elemental (10 damage)
             ... in the Dungeon (Sprint III: "The Ten Rune Challenge").
             The game lasted 00:01:18 (397 turns).

LORDOFBUTT the Covert (Spriggan Assassin)            Turns: 397, Time: 00:01:19

Health: -3/33      AC:  3    Str: 12    XL:     4   Next: 1%
Magic:  5/5        EV: 17    Int: 15    God:
Gold:   29         SH:  0    Dex: 18    Spells: 0 memorised, 3 levels left

rFire  . . .     SeeInvis +     o - +1 dagger (drain)
rCold  . . .     Gourm    .     c - +0 robe
rNeg   . . .     Faith    .     (shield restricted)
rPois  .         Spirit   .     (helmet restricted)
rElec  .         Reflect  .     d - +0 cloak
rCorr  .         Harm     .     (gloves unavailable)
MR     .....     NoTele   +     (boots unavailable)
Stlth  ..........               (no amulet)
                                (no ring)
                                n - +3 ring of intelligence

@: berserking, engulfed (cannot breathe), very quick
A: unfitting armour, see invisible, herbivore 3, speed 3, slow metabolism 2
a: no special abilities


You were in the Dungeon.
You were not hungry.

You visited 1 branch You collected 29 gold pieces.

Inventory:

Hand Weapons
 b - a +0 blowgun
 o - a +1 dagger of draining (weapon)
Missiles
 e - 8 poisoned needles
 f - 2 curare-tipped needles
Armour
 c - a +0 robe (worn)
 d - a +0 cloak (worn)
Jewellery
 n - a +3 ring of intelligence (left hand)
Wands
 p - a wand of digging (9/24)
Scrolls
 m - a scroll of blinking
 q - a scroll of immolation {unknown}
 r - a scroll of identify {unknown}
 s - 2 scrolls of remove curse {unknown}
 v - a scroll of torment {unknown}
 w - a scroll of fog {unknown}
Potions
 a - 3 potions of mutation {unknown}
 h - a potion of curing
 i - a potion of heal wounds
 j - a potion of haste
 k - 2 potions of magic
 t - 2 potions of cure mutation
 u - 3 potions of flight
 x - a potion of beneficial mutation {unknown}
Comestibles
 g - 3 bread rations


   Skills:
 - Level 1.5 Fighting
 - Level 2.1 Short Blades
 - Level 2.0 Throwing
 - Level 1.5 Dodging
 + Level 12.9 Stealth


You had 3 spell levels left.
You didn't know any spells.

Dungeon Overview and Level Annotations

Branches:
Dungeon (1/1)

Altars:


Innate Abilities, Weirdness & Mutations

You are very small and have problems with some larger weapons.
You are too small for most types of armour.
You have supernaturally acute eyesight. (SInv)
You are a herbivore.
You cover ground extremely quickly.
You need consume almost no food.


Message History

Wield which item (- for none, * to show all)? (? for menu, Esc to quit)
Okay, then.
You open the door.
A red film seems to cover your vision as you go berserk!
You feel yourself moving faster!
You feel mighty! The water elemental hits you!
Ouch! That really hurt!
The water elemental engulfs you in water!
You puncture the water elemental!
The water elemental is moderately damaged.
Your lungs strain for air!
The water elemental barely misses you.
You barely miss the water elemental.
The water elemental is moderately damaged.
Your lungs strain for air!
You barely miss the water elemental.
The water elemental is moderately damaged.
* * * LOW HITPOINT WARNING * * *
Your lungs strain for air!
The water elemental hits you!
You die...

▓▓▓▓▓▓▓▓ ▓▓▓ <..#[..####
##.# ...#......#####..#
..##.......#..#..#
##.##.##..[#..#..###+#+##
##.##.###..##'#..#.......
#.####.##..###..@E.⌠.....
.###..##..####...#...####
#.....##).###....#.⌠.#
###..##÷..##.....#...#
##..##....#......#+###
#..###..##.#.....# #..#
#..#####....# ▓▓▓▓ ▓▓▓▓
▓▓▓▓▓▓


You could see a water elemental.

Vanquished Creatures
  Jessica (D)
  A human (D)
  A wolf (D)
  2 oozes (D)
  A rat (D)
6 creatures vanquished.

Vanquished Creatures (others)
  2 draconian scorchers (D)
  A yaktaur (D)
  6 hellions (D)
9 creatures vanquished.

Grand Total: 15 creatures vanquished

Notes
Turn   | Place    | Note
-------+----------+-------------------------------------------
     0 | D        | LORDOFBUTT the Spriggan Assassin began the quest for the Orb.
     0 | D        | Reached XP level 1. HP: 10/10 MP: 2/2
    13 | D        | Reached skill level 7 in Stealth
    68 | D        | Killed a yaktaur
    93 | D        | Killed a hellion
   107 | D        | Reached skill level 8 in Stealth
   107 | D        | Reached XP level 2. HP: 14/14 MP: 3/3
   121 | D        | Noticed Jessica
   132 | D        | Killed Jessica
   132 | D        | Reached skill level 11 in Stealth
   132 | D        | Reached XP level 3. HP: 4/18 MP: 4/4
   168 | D        | Killed a hellion
   168 | D        | Killed a hellion
   169 | D        | Killed a hellion
   203 | D        | Killed a hellion
   212 | D        | Killed a white draconian scorcher
   227 | D        | Killed a hellion
   363 | D        | Reached skill level 12 in Stealth
   367 | D        | Reached XP level 4. HP: 22/22 MP: 5/5
   373 | D        | Killed a white draconian scorcher
   383 | D        | Noticed a water elemental
   397 | D        | Slain by a water elemental

Skill      XL: |  1  2  3 |
---------------+----------+-----
Stealth        | 8 11 12 | 12.9
Fighting       | |  1.5
Short Blades   | |  2.1
Throwing       | |  2.0
Dodging        | |  1.5

Action                   |  1- 3 |  4- 6 || total
-------------------------+-------+-------++-------
Melee: Dagger            |    11 |     3 ||    14
 Fire: Blowgun           |     4 |       ||     4
  Use: Potion            |       |     1 ||     1
 Stab: Sleeping          |     4 |       ||     4
Dodge: Dodged            |     4 |     2 ||     6
